 Dungeon Crawl Stone Soup version 0.28.0-53-g5a82cb258f (webtiles) character file.

Game seed: 9784894246944697842

53 Descartes the Grasshopper (level 4, -1/33 HPs)
             Began as a Formicid Warper on June 13, 2022.
             Slain by a worm (9 damage)
             ... on level 3 of the Dungeon.
             The game lasted 00:02:04 (1868 turns).

Descartes the Grasshopper (Formicid Warper)         Turns: 1868, Time: 00:02:05

Health: -1/33      AC: 10    Str: 18    XL:     4   Next: 10%
Magic:  8/8        EV:  5    Int: 12    God:
Gold:   67         SH:  0    Dex: 10    Spells: 8/8 levels left

rFire   . . .      SeeInvis +   a - +0 hand axe
rCold   . . .      Faith    .   (no shield)
rNeg    . . .      Spirit   .   i - +0 plate armour
rPois   .          Reflect  .   (helmet unavailable)
rElec   .          Harm     .   (no cloak)
rCorr   .          Rampage  .   (no gloves)
Will    .....                   (no boots)
Stlth   ..........              (no amulet)
HPRegen 0.11/turn               (no ring)
MPRegen 0.11/turn               (no ring)

@: no status effects
A: permanent stasis, dig shafts and tunnels, antennae 3, four strong arms
a: Dig, Shaft Self


You were on level 3 of the Dungeon.
You visited 1 branch of the dungeon, and saw 3 of its levels.

You collected 67 gold pieces.

Inventory:

Hand Weapons
 a - a +0 hand axe (weapon)
Missiles
 c - 5 boomerangs of dispersal (quivered)
 j - 60 stones
Armour
 i - a +0 plate armour (worn)
Jewellery
 b - an amulet of the acrobat
 h - an amulet of magic regeneration
 o - a ring of magical power
Scrolls
 d - a scroll of teleportation {unknown}
 g - a scroll of enchant armour {unknown}
 l - 2 scrolls of identify {unknown}
 n - a scroll of silence {unknown}
Potions
 e - 2 potions of haste {unknown}
 f - a potion of degeneration {unknown}
 k - a potion of ambrosia {unknown}
 m - a potion of curing {unknown}
 p - a potion of attraction {unknown}


   Skills:
 - Level 2.1 Fighting
 + Level 2.5 Axes
 - Level 1.0 Throwing
 + Level 1.9 Armour
 - Level 1.7 Dodging
 + Level 1.5 Shields
 + Level 2.7 Spellcasting
 + Level 3.0 Translocations


You had 8 spell levels left.
You didn't know any spells.
Your spell library contained the following spells:

 Spells                   Type           Power      Damage    Failure   Level
 Gell's Gravitas          Tloc           9%         N/A       100%        3
 Lesser Beckoning         Tloc           9%         N/A       100%        3
 Teleport Other           Tloc           9%         N/A       100%        3
 Manifold Assault         Tloc           9%         N/A       100%        5
 Dispersal                Tloc           4%         N/A       100%        6
 Blink                    Tloc           Unusable   N/A       N/A         2

Dungeon Overview and Level Annotations

Branches:
Dungeon (3/15)

Altars:


Innate Abilities, Weirdness & Mutations

You cannot be hasted, slowed, berserked, paralysed or teleported.
You can dig through walls and to a lower floor.
You have a pair of large antennae on your head. (SInv)
Your four strong arms can wield two-handed weapons with a shield.


Message History

No target in view!
No target in view!
No target in view!
No target in view!
No target in view!
A worm comes into view.
A worm is nearby!
The worm bites you.
You hit the worm.
The worm is moderately wounded.
The worm bites you.
You hit the worm but do no damage.
The worm is moderately wounded.
You hit the worm.
The worm is heavily wounded.
The worm bites you.
You hit the worm but do no damage.
The worm is moderately wounded.
The worm bites you but does no damage.
You barely miss the worm.
The worm is moderately wounded.
The worm bites you.
You are too injured to fight recklessly!
You are too injured to fight recklessly!
You are too injured to fight recklessly!
You are too injured to fight recklessly!
You are too injured to fight recklessly!
You are too injured to fight recklessly!
You are too injured to fight recklessly!
A worm is nearby!
You barely miss the worm.
The worm is moderately wounded.
You barely miss the worm.
The worm is moderately wounded.
The worm bites you!
* * * LOW HITPOINT WARNING * * *
You barely miss the worm.
The worm is moderately wounded.
The worm bites you!
You die...

.....# .....#
.....# .# .....#
#.# ....#
#########..#
#####...#
#..........#
..##.†..#
#..........#
#....#..#
#....w.....#
..#....##
#...@......#
.....#.#
#..........#
#....#.##
#..........#
#..)....#
#?.....<...#
#...[...#
#...........
#<†.##..##
#..........# #...#
#..#####..####.###
#...# #........##
..#
....####.####...#
.#


You could see a worm.

Vanquished Creatures
  An adder (D:2)
  2 worms (D:2)
  2 dart slugs
  3 ball pythons
  4 bats
  An endoplasm (D:3)
  2 giant cockroaches
  3 goblins
  3 hobgoblins
  A jackal (D:1)
  A quokka (D:2)
  A frilled lizard (D:1)
  7 kobolds
  A rat (D:3)
32 creatures vanquished.

Notes
Turn   | Place    | Note
-------+----------+-------------------------------------------
     0 | D:1      | Descartes the Formicid Warper began the quest for the Orb.
     0 | D:1      | Reached XP level 1. HP: 16/16 MP: 3/3
   335 | D:1      | Reached XP level 2. HP: 16/22 MP: 5/5
  1204 | D:2      | Reached skill level 1 in Shields
  1214 | D:2      | Reached XP level 3. HP: 24/27 MP: 6/6
  1432 | D:2      | Found a faded altar of an unknown god.
  1468 | D:2      | Reached skill level 3 in Translocations
  1778 | D:3      | Reached XP level 4. HP: 31/33 MP: 8/8
  1868 | D:3      | Slain by a worm

Illustrated notes

Levels and vault maps discovered:
D:1:      minmay_arrival_wavy_path, layout_loops_corners,
          hangedman_feature_mirror
D:2:      layout_basic, basic_ecumenical_altar
D:3:      layout_rooms, demons_altar, mainiacjoe_overflow_swirl,
          guppyfry_early_orc_mine, uniq_jessica

Skill      XL: |  1  2  3 |
---------------+----------+-----
Shields        | 1 |  1.5
Translocations | 3 |  3.0
Fighting       | |  2.1
Axes           | |  2.5
Throwing       | |  1.0
Armour         | |  1.9
Dodging        | |  1.7
Spellcasting   | |  2.7

Action                   |  1- 3 |  4- 6 || total
-------------------------+-------+-------++-------
Melee: Hand axe          |   106 |    22 ||   128
       Punch             |     1 |       ||     1
Armor: Leather armour    |     8 |       ||     8
       Ring mail         |     4 |       ||     4
       Plate armour      |    63 |    17 ||    80
Dodge: Dodged            |    34 |     9 ||    43
